 Dungeon Crawl Stone Soup version 0.31-a0-1068-g5939ac1fb6 (webtiles) character file.

Game seed: 12191228896787076327

14214 MacCMillion the Spry (level 11, -23/63 HPs)
             Began as a Deep Elf Summoner on Nov 23, 2023.
             Was a Priest of Sif Muna.
             Annihilated by a komodo dragon (29 damage)
             ... on level 1 of the Lair of Beasts.
             The game lasted 00:34:17 (15213 turns).

MacCMillion the Spry (Deep Elf Summoner)           Turns: 15213, Time: 00:34:17

Health: -23/63     AC:  9    Str:  5    XL:     11   Next: 85%
Magic:  28/34      EV: 17    Int: 29    God:    Sif Muna [***...]
Gold:   577        SH:  0    Dex: 15    Spells: 16/27 levels left

rFire   . . .        s - +6 short sword "Boleh" {holy, Int+4}
rCold   . . .        (no shield)
rNeg    . . .        M - +0 acid dragon scales
rPois   .            J - +2 hat
rElec   .            y - +0 cloak
rCorr   +            (no gloves)
SInv    .            (no boots)
Will    +....        E - amulet of magic regeneration
Stlth   ++           h - ring of magical power
HPRegen 0.30/turn    O - ring of flight
MPRegen 0.64/turn

%: no passive effects
@: flying
A: no striking features
a: Renounce Religion, Channel Magic, Forget Spell


You were on level 1 of the Lair of Beasts.
You worshipped Sif Muna.
Sif Muna was most pleased with you.
You visited 3 branches of the dungeon, and saw 13 of its levels.

You collected 577 gold pieces.

Inventory:

Hand Weapons
 j - a +2 dagger of venom
 s - the +6 short sword "Boleh" (weapon) {holy, Int+4}
   (You found it on level 3 of the Dungeon)

   Int+4:     It affects your intelligence (+4).
Missiles
 c - 3 throwing nets
Armour
 a - a +0 robe
 g - a +0 hat
 y - a +0 cloak (worn)
 A - +0 swamp dragon scales
 J - a +2 hat (worn)
 M - +0 acid dragon scales (worn)
Jewellery
 h - a ring of magical power (left hand)
 l - an amulet of the acrobat
 E - an amulet of magic regeneration (around neck)
 O - a ring of flight (right hand)
Wands
 w - a wand of roots (26)
 D - a wand of light (14)
 F - a wand of digging (5)
 G - a wand of polymorph (12)
 L - a wand of mindburst (25)
Scrolls
 d - 11 scrolls of identify {unknown}
 e - 4 scrolls of teleportation {unknown}
 i - 2 scrolls of acquirement {unknown}
 m - 2 scrolls of enchant armour {unknown}
 n - 3 scrolls of vulnerability {unknown}
 q - 4 scrolls of blinking {unknown}
 u - a scroll of summoning {unknown}
 v - 2 scrolls of amnesia {unknown}
 x - 2 scrolls of fog {unknown}
 C - a scroll of enchant weapon {unknown}
 I - a scroll of brand weapon {unknown}
 K - a scroll of noise {unknown}
 N - a scroll of immolation {unknown}
 P - a scroll of fear {unknown}
Potions
 b - a potion of magic
 f - 2 potions of degeneration {unknown}
 k - 4 potions of haste {unknown}
 o - 3 potions of heal wounds {unknown}
 p - 3 potions of enlightenment {unknown}
 r - 3 potions of curing {unknown}
 t - a potion of brilliance {unknown}
 z - a potion of mutation {unknown}
 B - a potion of lignification {unknown}
 H - a potion of invisibility {unknown}


   Skills:
 - Level 5.0 Fighting
 - Level 15.0 Dodging
 - Level 2.4 Stealth
 + Level 8.5 Spellcasting
 - Level 5.0 Hexes
 + Level 10.7 Summonings
 - Level 7.0 Air Magic


You had 16 spell levels left.
You knew the following spells:

 Your Spells              Type           Power      Damage    Failure   Level
a - Summon Small Mammal   Summ           100%       N/A       1%          1
b - Call Canine Familiar  Summ           65%        N/A       1%          3
c - Summon Guardian Gole  Hex/Summ       55%        N/A       1%          3
d - Summon Lightning Spi  Summ/Air       59%        N/A       2%          4

Your spell library contained the following spells:

 Spells                   Type           Power      Damage    Failure   Level
 Call Imp                 Summ           100%       N/A       1%          2
 Swiftness                Air            52%        N/A       1%          3
 Shock                    Conj/Air       100%       1d9       2%          1
 Ensorcelled Hibernation  Hex/Ice        52%        N/A       5%          2
 Airstrike                Air            26%        2d(4-20)  5%          4
 Summon Ice Beast         Ice/Summ       43%        N/A       11%         4
 Passwall                 Tmut/Erth      10%        N/A       14%         2
 Sublimation of Blood     Necr           12%        N/A       14%         2
 Wereblood                Tmut           12%        N/A       14%         2
 Hailstorm                Conj/Ice       12%        3d5       28%         3
 Summon Hydra             Summ           32%        N/A       69%         7
 Simulacrum               Ice/Necr       6%         N/A       100%        6


Dungeon Overview and Level Annotations

Branches:
Dungeon (11/15)            Temple (1/1) D:4            Lair (1/5) D:11
    Orc: D:9-12

Altars:
Ashenzari
Cheibriados
Dithmenos
Elyvilon
Fedhas
Gozag
Hepliaklqana
Kikubaaqudgha
Makhleb
Nemelex Xobeh
Okawaru
Qazlal
Ru
Sif Muna
Trog
Uskayaw
Vehumet
Wu Jian
Xom
Yredelemnul
Zin
The Shining One

Shops:
D:11 (

Annotations:
D:9 2 transporters, kskgo's ghost, novice DjFE


Message History

Your guardian golem disappears in a puff of smoke!
Casting: Summon Guardian Golem (safe; 1% risk of failure)
Confirm with . or Enter, or press ? or * to list all spells.
Casting: Call Canine Familiar (safe; 1% risk of failure)
Confirm with . or Enter, or press ? or * to list all spells.
An electric hum fills the air.
The yak closely misses your warg.
Casting: Summon Lightning Spire (dangerous; 2% risk of failure)
Confirm with . or Enter, or press ? or * to list all spells.
A guardian golem appears, shielding your allies.
Your warg bites the yak!
The yak gores your warg! x2
Your lightning spire shoots out a bolt of lightning at the yak!
The bolt of electricity hits the yak! x3
Your warg barely misses the yak.
The yak gores your warg. x2
Your warg bites the yak!
Your warg barely misses the yak.
The yak barely misses your warg. The yak attacks as it pursues you!
The yak closely misses you.
Your warg bites the yak.
The yak gores your guardian golem! The yak misses your warg.
Your warg barely misses the yak.
The yak gores your guardian golem. The yak closely misses your warg.
The yak misses you.
Your warg bites the yak.
Your warg barely misses the yak.
The yak gores you! The komodo dragon closely misses you.
Your warg bites the yak.
The yak gores you!
The komodo dragon attacks as it pursues you!
The komodo dragon bites you!! The yak attacks as it pursues you!
The yak misses you. The yak gores your lightning spire!
Casting: Summon Guardian Golem (safe; 1% risk of failure)
Confirm with . or Enter, or press ? or * to list all spells.
Okay, then.
Casting: Summon Guardian Golem (safe; 1% risk of failure)
Confirm with . or Enter, or press ? or * to list all spells.
Your warg disappears in a puff of smoke!
The komodo dragon barely misses you. The yak gores your guardian golem!
The yak gores your lightning spire but does no damage.
The yak gores you but does no damage. The yak gores you!
* * * LOW HITPOINT WARNING * * *
Your guardian golem overheats!
The komodo dragon attacks as it pursues you!
The komodo dragon bites you!!
You die...

# ###
##.##################P######
.....8.....Yl@h.............
P#.Y...................#
##.....9Y.............# #
#..§.Y...............# #
#...§.##P##.#.###.....# ##
##.§..##########P...[.####.
#....P ##.....P.##. #....##
#.........~ #.....
##.........~


You could see a komodo dragon (ally target), 3 yaks, a friendly guardian golem
(summoned, inner flame) and a friendly warg (summoned, sheltered).

Vanquished Creatures
  A scorpion (D:5)
  3 orcs
  A jackal (D:1)
5 creatures vanquished.

Vanquished Creatures (collateral kills)
  A centaur warrior (D:11)
  3 two-headed ogres
  An ugly thing (D:9)
  2 cane toads (Lair:1)
  Maggie (D:6)
  An unseen horror (D:11)
  A komodo dragon (D:10)
  A rime drake (D:11)
  Prince Ribbit (D:6)
  A polar bear (Lair:1)
  A troll (D:9)
  4 blink frogs (Lair:1)
  A spriggan (D:8)
  2 wraiths
  12 yaks
  A basilisk (D:10)
  2 vampire mosquitoes (D:10)
  2 water moccasins
  An acid dragon (D:9)
  4 orc warriors
  6 ice beasts
  A sky beast (D:7)
  A black bear (D:4)
  2 ogres
  A wolf (D:11)
  2 centaurs
  3 phantoms
  2 kobold brigands
  A gnoll sergeant (D:10)
  A bullfrog (D:8)
  2 scorpions
  13 wights
  5 killer bees (D:11)
  A howler monkey (D:5)
  An electric eel (Lair:1)
  2 jellies (D:6)
  3 orc priests
  A gnoll bouda (D:9)
  4 hounds
  3 iguanas
  11 orc wizards
  12 adders
  8 gnolls
  A shadow imp (D:5)
  A white imp (D:6)
  A worm (D:4)
  A dart slug (D:1)
  26 orcs
  14 ball pythons
  7 endoplasms
  A giant cockroach (D:3)
  8 goblins
  6 hobgoblins
  10 jackals
  4 quokkas
  6 bats
  2 frilled lizards
  16 kobolds
  3 rats
236 creatures vanquished.

Vanquished Creatures (others)
  A cyclops (D:11)
  A blink frog (Lair:1)
  A wyvern (Lair:1)
  3 yaks
  A wolf (D:11)
  4 wights
  A killer bee (D:11)
  2 gnolls (D:4)
  An orc (D:5)
15 creatures vanquished.

Grand Total: 256 creatures vanquished

Notes
Turn   | Place    | Note
-------+----------+-------------------------------------------
     0 | D:1      | MacCMillion the Deep Elf Summoner began the quest for the
                  | Orb.
     0 | D:1      | Reached XP level 1. HP: 10/10 MP: 6/6
    95 | D:1      | Reached XP level 2. HP: 15/15 MP: 5/8
   472 | D:1      | Found a faded altar of an unknown god.
   905 | D:1      | Reached skill level 5 in Summonings
   905 | D:1      | Reached XP level 3. HP: 19/19 MP: 10/10
   934 | D:1      | Learned a level 3 spell: Call Canine Familiar
  2285 | D:3      | Reached XP level 4. HP: 24/24 MP: 12/12
  2302 | D:3      | Reached skill level 5 in Spellcasting
  2306 | D:3      | Learned a level 3 spell: Summon Guardian Golem
  2383 | D:3      | Found Cigeaw's One-of-a-Kind Rings.
  2574 | D:3      | Reached skill level 1 in Hexes
  2609 | D:3      | Reached XP level 5. HP: 28/28 MP: 14/14
  2936 | D:3      | Identified the +6 short sword "Boleh" {holy, Int+4}
  3678 | D:4      | Noticed a water moccasin
  3696 | D:4      | Killed a water moccasin
  3697 | D:4      | Reached XP level 6. HP: 32/32 MP: 17/17
  4212 | D:4      | Reached XP level 7. HP: 36/36 MP: 19/19
  4687 | D:3      | Learned a level 4 spell: Summon Lightning Spire
  4730 | D:4      | Found a staircase to the Ecumenical Temple.
  4748 | Temple   | Entered the Ecumenical Temple
  4774 | Temple   | Became a worshipper of Sif Muna the Loreminder
  5543 | D:4      | Found a staircase to the Ecumenical Temple.
  5988 | D:5      | Entered Level 5 of the Dungeon
  6023 | D:5      | Reached skill level 1 in Air Magic
  6297 | D:5      | Reached skill level 5 in Hexes
  6695 | D:5      | Reached XP level 8. HP: 41/41 MP: 20/20
  6728 | D:5      | Found a white marble altar of Elyvilon.
  6728 | D:5      | Found a glowing golden altar of the Shining One.
  6728 | D:5      | Found a glowing silver altar of Zin.
  7028 | D:6      | Noticed Maggie
  7445 | D:6      | Killed Maggie
  7446 | D:6      | Reached skill level 5 in Air Magic
  7707 | D:6      | Noticed Prince Ribbit
  7729 | D:6      | Killed Prince Ribbit
  7730 | D:6      | Reached XP level 9. HP: 26/45 MP: 21/21
  8036 | D:6      | Found a hazy altar of Hepliaklqana.
  8038 | D:6      | Found a shadowy altar of Dithmenos.
  8161 | D:6      | Found a snail-covered altar of Cheibriados.
  8162 | D:6      | Found a burning altar of Makhleb.
  8163 | D:6      | Found a radiant altar of Vehumet.
  8165 | D:6      | Found a broken altar of Ashenzari.
  8386 | D:7      | Found an opulent altar of Gozag.
  8387 | D:7      | Found a basalt altar of Yredelemnul.
  8470 | D:7      | Reached * piety under Sif Muna
  8655 | D:7      | Reached skill level 10 in Summonings
  9046 | D:8      | Reached skill level 1 in Fighting
  9046 | D:8      | Reached skill level 3 in Dodging
  9206 | D:8      | Reached skill level 4 in Dodging
  9635 | D:8      | Reached skill level 5 in Dodging
 10380 | D:8      | Found the +15 Maxwell's patent armour {-Cast -Tele rElec
                  | Will+ rCorr}
 10590 | D:9      | Noticed a troll
 10599 | D:9      | Killed a troll
 10600 | D:9      | Reached skill level 6 in Dodging
 10650 | D:9      | Noticed a cyclops
 10652 | D:9      | Noticed kskgo's ghost (novice DjFE)
 10654 | D:9      | Found a transporter.
 10728 | D:9      | Noticed a two-headed ogre
 10734 | D:9      | Killed a two-headed ogre
 10735 | D:9      | Reached XP level 10. HP: 57/57 MP: 22/22
 10810 | D:9      | Reached skill level 7 in Dodging
 10886 | D:9      | Found a transporter.
 11000 | D:9      | Reached ** piety under Sif Muna
 11001 | D:9      | Reached skill level 5 in Fighting
 11001 | D:9      | Reached skill level 8 in Dodging
 11321 | D:9      | Noticed a brown ugly thing
 11335 | D:9      | Killed a brown ugly thing
 11336 | D:9      | Reached skill level 9 in Dodging
 11520 | D:10     | Entered Level 10 of the Dungeon
 11603 | D:10     | Found a blossoming altar of Fedhas.
 11671 | D:10     | Noticed a two-headed ogre
 11686 | D:10     | Killed a two-headed ogre
 11687 | D:10     | Reached skill level 10 in Dodging
 11990 | D:10     | Reached skill level 11 in Dodging
 12762 | D:10     | Reached skill level 12 in Dodging
 12762 | D:10     | Reached XP level 11. HP: 63/63 MP: 23/23
 13422 | D:11     | Found Ecrosu's Weapon Shoppe.
 13512 | D:11     | Noticed a centaur warrior
 13587 | D:11     | Killed a centaur warrior
 13695 | D:11     | Reached skill level 13 in Dodging
 14192 | D:11     | Found a staircase to the Lair.
 14278 | D:11     | Reached skill level 14 in Dodging
 14457 | D:11     | Reached *** piety under Sif Muna
 14458 | D:11     | Noticed a two-headed ogre
 14469 | D:11     | Killed a two-headed ogre
 14875 | Lair:1   | Entered Level 1 of the Lair of Beasts
 14883 | Lair:1   | Reached skill level 15 in Dodging
 15213 | Lair:1   | Annihilated by a komodo dragon

Illustrated notes

Levels and vault maps discovered:
D:1:      kilobyte_arrival_exit_the_forest, layout_loops_cross,
          basic_ecumenical_altar, minmay_tetromino_i2
D:2:      layout_loops_ring, hex_large
D:3:      cheibrodos_old_hovel, layout_loops_ring, nicolae_shop_unique_rings,
          minmay_snake_closets
D:4:      layout_basic, temple_pool_b
D:5:      layout_basic, good_gods_mini_temple
D:6:      layout_loops_cross, minitemple, minmay_misc_feat_more_columns,
          nicolae_titane, uniq_maggie, uniq_prince_ribbit1
D:7:      layout_gridville, mainiacjoe_overflow_catch_the_wave,
          nicolae_the_louvre
D:8:      layout_basic, dreamdust_deal_with_the_devil, the_hattery
D:9:      layout_gridville, gammafunk_ghost_arena
D:10:     kennysheep_six_static_rooms, layout_basic, fedhas_altar_3
D:11:     layout_rooms, hellmonk_lair_entry_icy, erik_orc_2, serial_shops,
          kennysheep_little_box
Temple:   chequers_temple_sunken
Lair:1:   layout_chaotic_city, infiniplex_staircase_pool, grunt_megastairs_2

Skill      XL: |  1  2  3  4  5  6  7  8  9 10 11 |
---------------+----------------------------------+-----
Spellcasting   | 4 5 6 7 8 |  8.5
Summonings     | 5 6 7 9 10 | 10.7
Hexes          | 1 3 4 5 |  5.0
Air Magic      | 3 6 7 |  7.0
Fighting       | 4 5 |  5.0
Dodging        | 6 12 15 | 15.0
Stealth        | |  2.4

Action                     |  1- 3 |  4- 6 |  7- 9 | 10-12 || total
---------------------------+-------+-------+-------+-------++-------
  Melee: Unarmed           |     2 |       |       |       ||     2
         Dagger            |     6 |     2 |       |       ||     8
         Punch             |     1 |       |       |     1 ||     2
         Short sword       |       |       |     7 |    14 ||    21
   Cast: Summon Small Mamm |    52 |    33 |    13 |     4 ||   102
         Call Canine Famil |    14 |    40 |    40 |    43 ||   137
         Summon Guardian G |       |     3 |    32 |    39 ||    74
         Summon Lightning  |       |       |    22 |    46 ||    68
 Armour: Robe              |    16 |    10 |    17 |     5 ||    48
         Acid dragon scale |       |       |       |    49 ||    49
  Dodge: Dodged            |    23 |    24 |    16 |    43 ||   106

Table legend: (Time is in decaauts)
 A = Elapsed time spent in this place.
 B = Non-inter-level travel time spent in this place.
 C = Inter-level travel time spent in this place.
 D = Time resting spent in this place.
 E = Time spent auto-exploring this place.
 F = Levels seen in this place.
 G = Mean time per level.
                   A        B        C        D        E       F      G
               +--------+--------+--------+--------+--------+-----+--------+
         Total |  15221 |  14841 |    380 |   4108 |   7998 |  13 | 1170.8 |
       Dungeon |  14830 |  14499 |    331 |   4082 |   7784 |  11 | 1348.2 |
        Temple |     52 |      3 |     49 |      0 |      0 |   1 |   52.0 |
          Lair |    337 |    337 |      0 |     26 |    214 |   1 |  337.0 |
               +--------+--------+--------+--------+--------+-----+--------+

Top non-repeatable levels by time:
     D:4: 2223 daAuts
    D:10: 1712 daAuts
    D:11: 1641 daAuts
     D:3: 1592 daAuts
     D:8: 1459 daAuts
     D:5: 1205 daAuts
     D:1: 1138 daAuts
     D:2: 1093 daAuts
     D:6: 1081 daAuts
     D:9: 1047 daAuts
     D:7: 633 daAuts
  Lair:1: 337 daAuts
  Temple: 52 daAuts
